 Dungeon Crawl Stone Soup version 0.25-a0-566-g062765be81 (webtiles) character file.

Game seed: 7558522973146289179, levelgen mode: deterministic

46 Emblim88 the Ruffian (level 3, -7/33 HPs)
             Began as a Troll Transmuter on Feb 27, 2020.
             Mangled by Sigmund
             ... wielding a +0 scythe
              (12 damage)
             ... on level 2 of the Dungeon.
             The game lasted 00:02:32 (1180 turns).

Emblim88 the Ruffian (Troll Transmuter)             Turns: 1180, Time: 00:02:32

Health: -7/33      AC:  7    Str: 19    XL:     3   Next: 44%
Magic:  3/3        EV: 10    Int:  9    God:
Gold:   50         SH:  0    Dex: 10    Spells: 3/4 levels left

rFire    . . .     SeeInvis .     - Unarmed
rCold    . . .     Gourm    +   (no shield)
rNeg     . . .     Faith    .   b - +0 robe
rPois    .         Spirit   .   h - +1 hat
rElec    .         Reflect  .   (no cloak)
rCorr    .         Harm     .   (gloves unavailable)
MR       .....     Rnd*Tele +   (boots unavailable)
Stlth    +.........             (no amulet)
HPRegen  0.51/turn              g - ring of teleportation (curse)
MPRegen  0.08/turn              (no ring)

@: no status effects
A: large, unfitting armour, claws 3, fast metabolism 3, gourmand, regeneration
1, shaggy fur 1, tough skin 3
a: no special abilities


You were on level 2 of the Dungeon.
You were very full.

You visited 1 branch of the dungeon, and saw 2 of its levels.

You collected 50 gold pieces.

Inventory:

Missiles
 a - 30 arrows
Armour
 b - a +0 robe (worn)
 h - a +1 hat (worn)
Jewellery
 g - a cursed ring of teleportation (left claw)
Scrolls
 e - a scroll of identify {unknown}
 f - a scroll of enchant weapon {unknown}
 k - a scroll of fear {unknown}
 l - a scroll of remove curse {unknown}
Potions
 c - a potion of mutation {unknown}
 i - a potion of flight {unknown}
 j - 2 potions of heal wounds {unknown}
Comestibles
 d - 3 rations


   Skills:
 + Level 1.4 Fighting
 - Level 1.5 Dodging
 + Level 3.4 Unarmed Combat
 - Level 1.2 Spellcasting
 * Level 2.2 Transmutations


You had 3 spell levels left.
You knew the following spells:

 Your Spells              Type           Power        Failure   Level  Hunger
a - Beastly Appendage     Tmut           #.....       14%         1    ##.....

Your spell library contained the following spells:

 Spells                   Type           Power        Failure   Level  Hunger
 Sticks to Snakes         Tmut           #.......     22%         2    ###....
 Spider Form              Tmut/Pois      #.........   56%         3    ####...
 Ice Form                 Ice/Tmut       #.......     92%         4    #####..
 Blade Hands              Tmut           #.........   98%         5    ######.


Dungeon Overview and Level Annotations

Branches:
Dungeon (2/15)

Altars:

Annotations:
D:2 1 runed translucent door, Crazy Yiuf, Sigmund


Innate Abilities, Weirdness & Mutations

You are too large for most types of armour.
You have claws for hands.
Your metabolism is lightning-fast.
You like to eat raw meat.
Your natural rate of healing is unusually fast.
You are covered in fur. (AC +1)
You have extremely tough skin. (AC +3)


Message History

You bump into the rock wall.
The rat barely misses you.
Sigmund hits you from afar with a +0 scythe!
You claw the adder!
You kill the adder!
The rat barely misses you.
You scratch the rat.
You kill the rat!
Sigmund hits you from afar with a +0 scythe.
You bump into the rock wall.
You bump into the rock wall.
Sigmund completely misses you.
You bump into the rock wall.
Sigmund hits you from afar with a +0 scythe!
You see here a rat corpse.
You barely miss Sigmund. Sigmund hits you with a +0 scythe!
* * * LOW HITPOINT WARNING * * *
The worm bites you.
* * * LOW HITPOINT WARNING * * *
You feel less confused.
Sigmund hits you from afar with a +0 scythe!
You die...

#....## .. #..)... ..
.....###. #.(..........
#.......)....
.###.....@.....#
........#.....### #†#........
#@#........ #†#........
#w@.....%.. ......
#.......... .(....... #
#..........
.........#####.#..........
..#.#........#.#.#####...#
.................# ..#
..#..............############


You could see Sigmund and a worm.

Vanquished Creatures
  An adder (D:2)
  An ooze (D:2)
  A leopard gecko (D:1)
  6 bats
  A giant cockroach (D:1)
  5 goblins
  4 hobgoblins
  4 jackals (D:1)
  A frilled lizard (D:1)
  3 kobolds
  2 rats
29 creatures vanquished.

Notes
Turn   | Place    | Note
-------+----------+-------------------------------------------
     0 | D:1      | Emblim88 the Troll Transmuter began the quest for the Orb.
     0 | D:1      | Reached XP level 1. HP: 18/18 MP: 1/1
   198 | D:1      | Reached skill level 1 in Fighting
   213 | D:1      | Reached XP level 2. HP: 22/27 MP: 2/2
  1067 | D:2      | Reached XP level 3. HP: 33/33 MP: 3/3
  1134 | D:2      | Found a runed translucent door.
  1135 | D:2      | Noticed Crazy Yiuf
  1163 | D:2      | Noticed Sigmund
  1180 | D:2      | Mangled by Sigmund

Levels and vault maps discovered:
D:1:      evilmike_arrival_grusome_pit, layout_basic, minmay_tromino_i4
D:2:      minmay_evil_eye, layout_basic, gammafunk_temple_overflow_statue,
          okawaru_altar_gauntlet_db, uniq_crazy_yiuf_cottage, uniq_robin,
          uniq_sigmund

Skill      XL: |  1  2 |
---------------+-------+-----
Fighting       | 1 |  1.4
Transmutations | 2 |  2.2
Dodging        | |  1.5
Unarmed Combat | |  3.4
Spellcasting   | |  1.2

Action                   || total
-------------------------++-------
Melee: Unarmed           ||    73
 Stab: Sleeping          ||     1
  Eat: Chunk             ||    15
Armor: Robe              ||    32
Dodge: Dodged            ||    39

Table legend:
 A = Non-vault XP
 B = Vault XP
 C = Vault XP percentage of total XP
 D = Non-vault monster count
 E = Vault monster count
 F = Vault count percentage of total count
                 A         B        C        D         E       F
            +---------+---------+-------+---------+---------+-------
      Total |      62 |       4 |   6.1 |      27 |       2 |   6.9
            +---------+---------+-------+---------+---------+-------
        D:1 |      30 |       4 |  11.8 |      17 |       2 |  10.5
        D:2 |      32 |       0 |   0.0 |      10 |       0 |   0.0
            +---------+---------+-------+---------+---------+-------
